 Dungeon Crawl Stone Soup version 0.17.1-2-g5865329 (webtiles) character file.

872 FortyThree the Slasher (level 8, -4/85 HPs)
             Began as an Octopode Berserker on Feb 9, 2016.
             Was a Priest of Trog.
             Slain by Duvessa
             ... wielding a +3 short sword
              (12 damage)
             ... on level 4 of the Dungeon.
             The game lasted 00:07:04 (4788 turns).

FortyThree the Slasher (Octopode Berserker)         Turns: 4788, Time: 00:07:04

Health: -4/85      AC:  1    Str: 22    XL:     8   Next: 4%
Magic:  26/26      EV: 14    Int:  9    God:    Trog [***...]
Gold:   134        SH:  0    Dex: 13    Spells: 0 memorised, 7 levels left

rFire  . . .     SeeInvis .     a - +0 falchion
rCold  . . .     Clarity  .     (no shield)
rNeg   . . .     SustAt   .     (helmet restricted)
rPois  .         Gourm    .     (no amulet)
rElec  .         Spirit   .     o - ring of magical power
rCorr  .         Warding  .     t - ring of magical power
rMut   .         Stasis   .     (no ring)
MR     .....                    (no ring)
Stlth  ..........               (no ring)
                                (no ring)
                                (no ring)
                                (no ring)

@: berserking (expiring), very quick, not resistant to hostile enchantments,
extremely unstealthy
A: almost no armour, amphibious, 8 rings, constrict 8, camouflage 1, gelatinous
body 1
a: Berserk, Trog's Hand, Burn Spellbooks, Renounce Religion


You were on level 4 of the Dungeon.
You worshipped Trog.
Trog was most pleased with you.
You were not hungry.

You visited 1 branch of the dungeon, and saw 4 of its levels.

You collected 134 gold pieces.

Inventory:

Hand Weapons
 a - a +0 falchion (weapon)
Jewellery
 o - a ring of magical power (left tentacle)
 t - a ring of magical power (right tentacle)
Scrolls
 d - a scroll of recharging {unknown}
 f - a scroll of fog {unknown}
 g - 4 scrolls of identify {unknown}
 i - a scroll of teleportation {unknown}
 l - a scroll of enchant weapon {unknown}
 n - a scroll of fear {unknown}
 q - a scroll of remove curse {unknown}
 s - a scroll of amnesia {unknown}
Potions
 c - a potion of lignification {unknown}
 e - 3 potions of flight {unknown}
 h - 4 potions of curing {unknown}
 j - 3 potions of heal wounds {unknown}
 k - 2 potions of might {unknown}
 p - a potion of mutation {unknown}
 r - a potion of cure mutation {unknown}
Comestibles
 b - 2 bread rations
 m - 2 beef jerkies
 u - a slice of pizza


   Skills:
 - Level 6.0 Fighting
 + Level 6.8 Long Blades
 + Level 4.6 Dodging


You had 7 spell levels left.
You didn't know any spells.

Dungeon Overview and Level Annotations

Branches:
Dungeon (4/15)
 Temple: D:4-7

Altars:

Annotations:
D:4 Duvessa


Innate Abilities, Weirdness & Mutations

You cannot wear most types of armour.
You are amphibious.
You can wear up to eight rings at the same time.
You can use your tentacles to constrict eight enemies at once.
Your skin changes colour to match your surroundings (Stealth).
Your rubbery body absorbs attacks (AC +1).


Message History

Duvessa screams in rage.
Duvessa goes berserk!
You have reached level 8!
Duvessa rages.
You hit Duvessa. Your grab misses Duvessa.
Duvessa is lightly wounded.
Duvessa barely misses you.
You slash Duvessa! You grab Duvessa.
Duvessa is moderately wounded.
You constrict Duvessa. Duvessa barely misses you.
You slash Duvessa!
Duvessa is heavily wounded.
You constrict Duvessa, but do no damage.
Duvessa hits you with an enchanted short sword!
* * * LOW HITPOINT WARNING * * *
You slash Duvessa! You squeeze Duvessa!
Duvessa is almost dead.
You constrict Duvessa.
Duvessa hits you with an enchanted short sword!
You die...

..................)......#
########.#########.#.###.#
#.###### #...# #.#
########.#....# ##..# #.#
<........#....# #..# .#
.........#....# #..# .#
.#......##....# #..# .#
.#......##....#####..#
.'......')....'.@eo.>###+#
.#......##....####.[......
.#......##.[..# #........
.#########....# #.o......
.###### #)...# ####.....
.#....####....## .....
.####.#........# .... .#
#.#........# ... .#
#.#........# e..


You could see Duvessa (berserk) and an orc.

Vanquished Creatures
  Menkaure (D:4)
  2 ogres (D:4)
  2 scorpions (D:4)
  Dowan (D:4)
  An orc priest (D:4)
  A hound (D:4)
  2 orc wizards (D:4)
  A centaur skeleton (D:4)
  An iguana (D:4)
  A worker ant (D:4)
  7 gnolls
  6 adders
  2 oozes
  3 worms
  9 giant geckos
  7 orcs
  A giant cockroach (D:3)
  9 goblins
  11 hobgoblins
  4 jackals (D:2)
  8 bats
  A giant gecko skeleton (D:4)
  4 giant newts
  4 kobolds
  4 rats
93 creatures vanquished.

Notes
Turn   | Place    | Note
--------------------------------------------------------------
     0 | D:1      | FortyThree the Octopode Berserker began the quest for the Orb.
     0 | D:1      | Reached XP level 1. HP: 16/16 MP: 1/1
    84 | D:1      | Reached XP level 2. HP: 15/21 MP: 2/2
   618 | D:1      | Reached XP level 3. HP: 22/26 MP: 3/3
   913 | D:1      | Reached ** piety under Trog
  1454 | D:2      | Found a faded altar to an unknown god.
  1506 | D:2      | Reached skill level 4 in Fighting
  1733 | D:2      | Reached XP level 4. HP: 33/33 MP: 4/4
  2142 | D:3      | You fall through a shaft!
  2269 | D:4      | Reached XP level 5. HP: 22/38 MP: 5/5
  2690 | D:4      | Noticed Menkaure
  3189 | D:3      | Reached skill level 5 in Fighting
  3691 | D:3      | Reached *** piety under Trog
  3799 | D:4      | Killed Menkaure
  3799 | D:4      | Reached skill level 5 in Long Blades
  3799 | D:4      | Reached XP level 6. HP: 45/45 MP: 6/6
  4067 | D:4      | Reached skill level 6 in Fighting
  4067 | D:4      | Reached XP level 7. HP: 39/52 MP: 7/7
  4208 | D:4      | Noticed an ogre
  4216 | D:4      | Killed an ogre
  4766 | D:4      | Noticed Dowan
  4767 | D:4      | Noticed Duvessa
  4784 | D:4      | Killed Dowan
  4784 | D:4      | Reached XP level 8. HP: 15/57 MP: 8/8
  4788 | D:4      | Slain by Duvessa

Action                   |  1- 3 |  4- 6 |  7- 9 || total
-------------------------+-------+-------+-------++-------
Melee: Falchion          |    88 |    78 |    51 ||   217
Invok: Berserk           |       |     2 |     3 ||     5
 Stab: Distracted        |     1 |       |       ||     1
       Sleeping          |     5 |     5 |     3 ||    13
  Eat: Chunk             |     2 |    10 |     3 ||    15
       Beef jerky        |       |       |     1 ||     1
